AoeStats
← Zeldrix

Arabia

504827696Analyzed
1v1 RM · 26d ago on Sep 6, 2026· 46m 36s· 2 players
Game mode
Random Map
Map size
Tiny (2 player)
Population
200
Speed
Normal
Resources
Standard
Victory
Conquest
Starting age
Dark Age
Ending age
Imperial Age
RankedLock teamsTeams togetherTeam positionsShared explorationLock speedFull tech treeHidden civsTurbo modeCheats
Victory
Defeat
🇨🇴 Lithuanians · Colombia
1169
+17
🇨🇱 Lithuanians · Chile
1190
-17
mend2atipob
5:45 Loom
8:33 Feudal Age
18:06 Castle Age
16:22 Double-Bit Axe
17:32 Horse Collar
21:43 Scale Barding Armor
21:50 Forging
24:04 Crossbowman
25:23 Fletching
27:33 Wheelbarrow
29:19 Hand Cart
30:18 Bloodlines
30:52 Chain Barding Armor
30:28 Bodkin Arrow
30:36 Bodkin Arrow
31:33 Town Watch
32:01 Heavy Plow
33:12 Bow Saw
35:47 Imperial Age
33:50 Sanctity
33:56 Husbandry
33:59 Scale Mail Armor
35:12 Iron Casting
34:59 Town Patrol
34:51 Pikeman
36:00 Devotion
36:30 Thumb Ring
36:28 Gold Mining
36:28 Stone Mining
37:05 Squires
36:51 Arson
37:16 Cavalier
37:48 Halberdier
38:30 Padded Archer Armor
39:18 Tower Shields
40:40 Bracer
40:55 Leather Archer Armor
41:03 Heavy Cavalry Archer
42:41 Leather Archer Armor
42:56 Ballistics
43:37 Chemistry
43:12 Elite Skirmisher
44:42 Plate Barding Armor
45:39 Two-Man Saw
44:57 Hill Forts
Zeldrix
6:01 Loom
9:08 Feudal Age
19:02 Castle Age
17:13 Double-Bit Axe
18:17 Bloodlines
19:36 Pikeman
20:51 Forging
21:20 Town Watch
25:51 Wheelbarrow
31:34 Imperial Age
29:16 Fletching
30:38 Husbandry
31:42 Bodkin Arrow
32:07 Padded Archer Armor
33:38 Leather Archer Armor
35:02 Bracer
37:16 Bow Saw
38:19 Chemistry
38:10 Ring Archer Armor
39:14 Heavy Cavalry Archer
40:18 Ballistics
40:42 Light Cavalry
42:26 Thumb Ring
43:10 Winged Hussar
44:11 Scale Barding Armor
45:27 Iron Casting
44:51 Horse Collar
46:57 Chain Barding Armor
Connection lost

Rejoining the realm…

Still unreachable

The connection could not be restored.

Session expired

The server has moved on; the page needs a fresh start.